[Event "FIDE Zonal 2.5 Open 2019"]
[Site "Montevideo"]
[Date "2019.04.14"]
[Round "2.3"]
[White "Jodorcovsky Werjivker, Paulo"]
[Black "Peralta, Fernando"]
[Result "0-1"]
[ECO "A05"]
[WhiteElo "2257"]
[BlackElo "2572"]
[Annotator "ChessBase"]
[PlyCount "58"]
[EventDate "2019.04.13"]
[EventType "swiss"]
[EventCountry "URU"]
[SourceTitle "playchess.com"]
[Source "ChessBase"]
[SourceQuality "1"]
[TimeControl "40/5400+30:1800+30"]

1. Nf3 Nf6 2. e3 d5 3. c4 e6 4. Nc3 c5 5. d4 a6 6. a3 dxc4 7. Bxc4 b5 8. Be2 Bb7 9. O-O Nbd7 10. dxc5 Bxc5 11. b4 Be7 12. Bb2 O-O 13. Qb3 Qb8 14. Rfd1 Rc8 15. Nd4 Nf8 16. Bf3 Ng6 17. Bxb7 Qxb7 18. Nf3 Rc4 19. Ne2 Nd5 20. Rd2 Rac8 21. Rad1 h6 22. h3 Bf8 23. Qa2 Nb6 24. Qb1 Qb8 25. Ned4 Ne7 26. Nb3 Ned5 27. Ne5 Rc3 28. Nxf7 Kxf7 29. Qh7 Nf6 0-1

[Event "FIDE Zonal 2.5 Open 2019"]
[Site "Montevideo"]
[Date "2019.04.14"]
[Round "2.4"]
[White "Pichot, Alan"]
[Black "Rodriguez, Santiago"]
[Result "1-0"]
[ECO "B38"]
[WhiteElo "2566"]
[BlackElo "2257"]
[Annotator "ChessBase"]
[PlyCount "99"]
[EventDate "2019.04.13"]
[EventType "swiss"]
[EventCountry "URU"]
[SourceTitle "playchess.com"]
[Source "ChessBase"]
[SourceQuality "1"]
[TimeControl "40/5400+30:1800+30"]

1. e4 c5 2. Nf3 g6 3. d4 cxd4 4. Nxd4 Bg7 5. c4 Nc6 6. Be3 Nf6 7. Nc3 O-O 8. Be2 d6 9. O-O Bd7 10. h3 Nxd4 11. Bxd4 Bc6 12. Qc2 Qc7 13. b4 b5 14. cxb5 Bxe4 15. Qd2 e5 16. Be3 Bb7 17. Rac1 Qd7 18. f4 Qe6 19. Rcd1 exf4 20. Bxf4 Rac8 21. Bf3 Bxf3 22. Rxf3 Rc4 23. Qxd6 Qxd6 24. Rxd6 Re8 25. a3 Nh5 26. Bd2 Bd4+ 27. Kf1 Be5 28. Rdd3 f5 29. Nd5 f4 30. Ke2 g5 31. Kd1 Kf7 32. b6 axb6 33. Nxb6 Rc6 34. Nd7 Nf6 35. a4 Ne4 36. Nxe5+ Rxe5 37. Be1 Rce6 38. Rf1 Kg6 39. Kc2 Nd6 40. Bc3 Re2+ 41. Rd2 R2e4 42. Kb3 Re3 43. Rf3 Ne4 44. Rc2 h5 45. Rxe3 fxe3 46. Be1 g4 47. hxg4 hxg4 48. b5 Kf5 49. a5 Re5 50. Kb4 1-0

[Event "FIDE Zonal 2.5 Open 2019"]
[Site "Montevideo"]
[Date "2019.04.14"]
[Round "2.6"]
[White "Henriquez Villagra, Cristobal"]
[Black "Larrea, Manuel"]
[Result "1-0"]
[ECO "E10"]
[WhiteElo "2543"]
[BlackElo "2230"]
[Annotator "ChessBase"]
[PlyCount "85"]
[EventDate "2019.04.13"]
[EventType "swiss"]
[EventCountry "URU"]
[SourceTitle "playchess.com"]
[Source "ChessBase"]
[SourceQuality "1"]
[TimeControl "40/5400+30:1800+30"]

1. d4 Nf6 2. c4 e6 3. Nf3 d5 4. e3 c5 5. Nc3 Nc6 6. a3 cxd4 7. exd4 Be7 8. cxd5 Nxd5 9. Bd3 O-O 10. O-O Bf6 11. Be4 Nce7 12. Qd3 g6 13. Bh6 Re8 14. Rfe1 Bd7 15. Ne5 Bc6 16. Ng4 Bh8 17. Bg5 f6 18. Nh6+ Kg7 19. Bd2 Ng8 20. Qh3 Nxh6 21. Bxh6+ Kg8 22. Qg3 f5 23. Bxd5 Bxd5 24. Rad1 Bf6 25. Bf4 a6 26. Be5 Bh4 27. Qe3 Rc8 28. h3 Bg5 29. Bf4 Bf6 30. Rd2 b5 31. Kh2 Bc4 32. Be5 Bg5 33. f4 Bh4 34. g3 Be7 35. g4 Bd5 36. Rg1 b4 37. gxf5 bxc3 38. fxg6 h5 39. f5 Bf6 40. Qh6 Bxe5+ 41. dxe5 Qc7 42. f6 Qxe5+ 43. Rg3 1-0

[Event "FIDE Zonal 2.5 Open 2019"]
[Site "Montevideo"]
[Date "2019.04.14"]
[Round "2.7"]
[White "Tristan, Leonardo"]
[Black "Kropff, Ricardo"]
[Result "1-0"]
[ECO "B13"]
[WhiteElo "2504"]
[BlackElo "2220"]
[Annotator "RC"]
[PlyCount "89"]
[EventDate "2019.04.13"]
[EventType "swiss"]
[EventCountry "URU"]
[SourceTitle "playchess.com"]
[Source "ChessBase"]
[SourceQuality "1"]
[TimeControl "40/5400+30:1800+30"]

1. d4 d5 2. Bf4 c5 3. e3 cxd4 4. exd4 Nc6 5. c3 Nf6 6. Bd3 Bg4 7. Qb3 Qc8 8. Nd2 e6 9. Ngf3 Be7 10. O-O Bh5 11. a4 O-O 12. a5 Bg6 13. a6 b6 14. Bb5 Ne4 15. Nxe4 Bxe4 16. Qa4 Na5 17. Nd2 g5 18. Bg3 Bg6 19. Bd7 Qxa6 20. Nf3 Qe2 21. b4 Nc4 22. Bc6 Rac8 23. Bb7 Rcd8 24. Bc7 Be4 25. Bxd8 Rxd8 26. Qd1 Bxf3 27. gxf3 Qb2 28. Qd3 a5 29. bxa5 bxa5 30. Ba6 Nd2 31. Rfd1 Nb3 32. Rab1 Qa3 33. f4 gxf4 34. Qh3 a4 35. Bd3 Bf6 36. Qh6 Bg7 37. Qxh7+ Kf8 38. Kh1 Qe7 39. Bb5 Ra8 40. Bxa4 Rxa4 41. Rxb3 Ra8 42. Rdb1 Qf6 43. Rb8+ Rxb8 44. Rxb8+ Ke7 45. Qg8 1-0

[Event "FIDE Zonal 2.5 Open 2019"]
[Site "Montevideo"]
[Date "2019.04.14"]
[Round "2.8"]
[White "El Ters, Antouan"]
[Black "Krysa, Leandro"]
[Result "0-1"]
[ECO "D95"]
[WhiteElo "2181"]
[BlackElo "2498"]
[Annotator "ChessBase"]
[PlyCount "68"]
[EventDate "2019.04.13"]
[EventType "swiss"]
[EventCountry "URU"]
[SourceTitle "playchess.com"]
[Source "ChessBase"]
[SourceQuality "1"]
[TimeControl "40/5400+30:1800+30"]

1. d4 Nf6 2. c4 g6 3. Nc3 d5 4. Nf3 Bg7 5. e3 O-O 6. Qb3 e6 7. Be2 b6 8. O-O Bb7 9. Ne5 Nbd7 10. Rd1 dxc4 11. Nxc4 Qe7 12. Bd2 e5 13. Nb5 exd4 14. Nxd4 c5 15. Nf3 Ne4 16. Be1 Bc6 17. Nfd2 Ng5 18. f4 Ne4 19. Nxe4 Bxe4 20. Bc3 Rad8 21. Bxg7 Kxg7 22. Rd6 Nf6 23. Rad1 Rxd6 24. Nxd6 Bd5 25. Rxd5 Nxd5 26. Qxd5 Qxe3+ 27. Kf1 Qxf4+ 28. Kg1 Qc1+ 29. Bd1 Qxb2 30. Ba4 Qc1+ 31. Bd1 Qe3+ 32. Kf1 Qe7 33. Bb3 Rd8 34. Qxf7+ Qxf7+ 0-1

[Event "FIDE Zonal 2.5 Open 2019"]
[Site "Montevideo"]
[Date "2019.04.14"]
[Round "2.9"]
[White "Salinas Herrera, Pablo"]
[Black "Curi, Gabriel"]
[Result "1-0"]
[ECO "A06"]
[WhiteElo "2483"]
[BlackElo "2202"]
[Annotator "ChessBase"]
[PlyCount "55"]
[EventDate "2019.04.13"]
[EventType "swiss"]
[EventCountry "URU"]
[SourceTitle "playchess.com"]
[Source "ChessBase"]
[SourceQuality "1"]
[TimeControl "40/5400+30:1800+30"]

1. Nf3 d5 2. b3 Bg4 3. Bb2 Nd7 4. e3 e6 5. h3 Bxf3 6. Qxf3 Ngf6 7. g4 c6 8. h4 Qc7 9. g5 Ne4 10. Nc3 Ndc5 11. Nb1 Nd7 12. a3 Nd6 13. Bh3 O-O-O 14. d3 Re8 15. Nd2 Kb8 16. Qg3 Nf5 17. Qxc7+ Kxc7 18. Nf3 h6 19. Ke2 hxg5 20. hxg5 f6 21. gxf6 Nxf6 22. Ne5 Rh6 23. Rag1 c5 24. Nf7 Rh5 25. Rg5 Rxg5 26. Nxg5 Kd7 27. c4 g6 28. Bxf6 1-0

[Event "FIDE Zonal 2.5 Open 2019"]
[Site "Montevideo"]
[Date "2019.04.14"]
[Round "2.12"]
[White "Lopez Azambuja, Nicolas"]
[Black "Viera, Emilio"]
[Result "1/2-1/2"]
[ECO "A40"]
[WhiteElo "2328"]
[BlackElo "2138"]
[Annotator "NA"]
[PlyCount "57"]
[EventDate "2019.04.13"]
[EventType "swiss"]
[EventCountry "URU"]
[SourceTitle "playchess.com"]
[Source "ChessBase"]
[SourceQuality "1"]
[TimeControl "40/5400+30:1800+30"]

1. d4 e6 2. c4 f5 3. Nf3 Nf6 4. Qc2 b6 5. g3 Bb7 6. Bg2 Bb4+ 7. Bd2 Qe7 8. O-O Bxd2 9. Nbxd2 O-O 10. Rfd1 d6 $11 11. Rac1 Nbd7 12. b4 c5 13. dxc5 dxc5 14. b5 g6 15. Nb1 e5 16. Ne1 e4 17. f4 Rfd8 18. Qb3 Nf8 19. Nc3 Ne6 20. e3 Rxd1 21. Rxd1 Rd8 22. Bf1 Kf8 23. Be2 Rd6 24. Rxd6 Qxd6 25. Qd1 Qxd1 26. Nxd1 Nc7 27. Nc2 Bc8 28. Na1 Be6 29. Nb3 1/2-1/2

[Event "FIDE Zonal 2.5 Open 2019"]
[Site "Montevideo"]
[Date "2019.04.14"]
[Round "2.14"]
[White "Vazquez, Facundo"]
[Black "Fein, Jorge"]
[Result "1-0"]
[ECO "E11"]
[WhiteElo "2009"]
[BlackElo "1648"]
[Annotator "NA"]
[PlyCount "125"]
[EventDate "2019.04.13"]
[EventType "swiss"]
[EventCountry "URU"]
[SourceTitle "playchess.com"]
[Source "ChessBase"]
[SourceQuality "1"]
[TimeControl "40/5400+30:1800+30"]

1. d4 Nf6 2. c4 e6 3. Nf3 Bb4+ 4. Bd2 Bxd2+ 5. Nbxd2 b6 6. e4 d6 7. g3 Bb7 8. Qc2 c5 9. Bg2 $11 O-O 10. O-O cxd4 11. Nxd4 Nbd7 12. Rfd1 Rc8 13. Rac1 d5 14. exd5 Bxd5 15. N4f3 Bb7 16. b4 Qc7 17. Qb2 Qb8 18. Nb3 Qa8 19. Qe2 Rfd8 20. Nbd4 Nf8 21. a4 a5 22. bxa5 Qxa5 23. Qb2 Rd7 24. Re1 Rdc7 25. Bf1 Qh5 26. Re5 Qh6 27. Qd2 Qxd2 28. Nxd2 Rc5 29. Rxc5 Rxc5 30. Rb1 N8d7 31. Rb4 h6 32. N2b3 Re5 33. a5 Re1 34. axb6 Be4 35. Nd2 Rd1 36. N4b3 Bd3 37. Kg2 Bxf1+ 38. Nxf1 Nb8 39. Ne3 Rd8 40. c5 Nc6 41. Ra4 Nd7 42. Nc4 Ndb8 43. Ra8 Kh7 44. Nba5 Nd7 45. Rxd8 Nxd8 46. c6 Nxc6 47. Nxc6 Nxb6 48. Nxb6 g5 49. Kf3 Kg7 50. Ke4 h5 51. h4 gxh4 52. gxh4 Kg6 53. Ke5 Kg7 54. Nd7 Kg6 55. Ne7+ Kg7 56. Nf6 Kf8 57. Nc6 Kg7 58. Nxh5+ Kg6 59. Nf4+ Kg7 60. h5 Kg8 61. Nxe6 fxe6 62. Kxe6 Kg7 63. f4 1-0

[Event "FIDE Zonal 2.5 Open 2019"]
[Site "Montevideo"]
[Date "2019.04.14"]
[Round "2.15"]
[White "Carvalho, Guillermo"]
[Black "Rodriguez Vila, Andres"]
[Result "0-1"]
[ECO "A04"]
[WhiteElo "2194"]
[BlackElo "2480"]
[Annotator "ChessBase"]
[PlyCount "144"]
[EventDate "2019.04.13"]
[EventType "swiss"]
[EventCountry "URU"]
[SourceTitle "playchess.com"]
[Source "ChessBase"]
[SourceQuality "1"]
[TimeControl "40/5400+30:1800+30"]

1. Nf3 d6 2. c4 g6 3. Nc3 Bg7 4. d4 Nd7 5. e4 e5 6. Be2 Ne7 7. O-O O-O 8. Re1 h6 9. Bf1 g5 10. h3 Ng6 11. Be3 Kh8 12. Qc2 c6 13. Rad1 Qf6 14. Nh2 Nf4 15. g3 Qg6 16. Kh1 Rg8 17. f3 Ne6 18. d5 Nd4 19. Qf2 a5 20. Bd3 Nc5 21. g4 Qf6 22. Kg2 Nd7 23. Ne2 Nf8 24. Ng3 c5 25. Nf5 Ng6 26. Kh1 Bf8 27. Bf1 Bd7 28. Bg2 b5 29. Nf1 bxc4 30. N1g3 Nf4 31. Bf1 Bb5 32. Bxf4 gxf4 33. Nh5 Qd8 34. Rc1 f6 35. Red1 Rb8 36. Rd2 Rb7 37. Bxc4 Be8 38. Nxd4 cxd4 39. Ba6 Ra7 40. Rc8 Qe7 41. Rxe8 Qxe8 42. Qe2 Be7 43. Bb5 Qb8 44. b3 Rc8 45. Bc6 Qb4 46. Rc2 a4 47. Rc4 d3 48. Qd1 Qb6 49. Qxd3 axb3 50. Qxb3 Qxb3 51. axb3 Ra1+ 52. Kg2 Rb8 53. Ba4 Kg8 54. Rc7 Ra2+ 55. Kf1 Kf8 56. Rc6 Rh2 57. Kg1 Rd2 58. Kf1 Rd4 59. Ke2 Rdb4 60. Rc7 R4b7 61. Rc6 Kf7 62. Kf1 Bf8 63. Kf2 Ra7 64. Rc2 Rbb7 65. Ke2 Rc7 66. Bc6 Be7 67. b4 Bd8 68. b5 Re7 69. b6 Bxb6 70. Rb2 Ra6 71. Bb5 Bd4 72. Rc2 Rb6 0-1

[Event "FIDE Zonal 2.5 Open 2019"]
[Site "Montevideo"]
[Date "2019.04.14"]
[Round "2.16"]
[White "Rodriguez Farias, Eduardo"]
[Black "Carbone, Diego"]
[Result "0-1"]
[ECO "C50"]
[WhiteElo "1898"]
[BlackElo "2277"]
[Annotator "NA"]
[PlyCount "40"]
[EventDate "2019.04.13"]
[EventType "swiss"]
[EventCountry "URU"]
[SourceTitle "playchess.com"]
[Source "ChessBase"]
[SourceQuality "1"]
[TimeControl "40/5400+30:1800+30"]

1. e4 e5 2. Nf3 Nc6 3. Bc4 Bc5 4. O-O Nf6 5. d4 Bxd4 6. Nxd4 Nxd4 7. f4 d6 8. fxe5 dxe5 9. Bg5 Qe7 10. c3 Ne6 $1 11. Bxe6 Bxe6 $17 12. Kh1 Rg8 13. Qf3 h6 14. Bh4 O-O-O 15. Na3 Kb8 16. Rf2 g5 17. Qxf6 Qxf6 18. Rxf6 gxh4 19. Rf2 Rg4 20. Re1 Rxe4 0-1

[Event "FIDE Zonal 2.5 Open 2019"]
[Site "Montevideo"]
[Date "2019.04.14"]
[Round "2.17"]
[White "Restuccia, Francisco"]
[Black "Zaruski, Julio"]
[Result "1-0"]
[ECO "B22"]
[WhiteElo "2100"]
[BlackElo "1842"]
[Annotator "NA"]
[PlyCount "71"]
[EventDate "2019.04.13"]
[EventType "swiss"]
[EventCountry "URU"]
[SourceTitle "playchess.com"]
[Source "ChessBase"]
[SourceQuality "1"]
[TimeControl "40/5400+30:1800+30"]

1. e4 c5 2. c3 g6 3. d4 b6 4. Be3 Qc7 $16 5. Na3 a6 6. Qd2 Bb7 7. f3 d6 8. h4 h6 9. g4 Nd7 10. Bg2 e6 11. Ne2 Be7 12. g5 O-O-O 13. gxh6 Ngf6 14. Nc2 d5 15. e5 Nh5 16. O-O-O b5 17. Kb1 Nb6 18. b3 a5 19. Bh3 a4 20. Bg4 axb3 21. axb3 c4 22. b4 Bc6 23. Bxh5 gxh5 24. Bg5 Na4 25. Qf4 f5 26. exf6 Qxf4 27. Nxf4 Nxc3+ 28. Kc1 Bd6 29. Ng6 Nxd1 30. Nxh8 Nf2 31. Nf7 Nxh1 32. Nxd8 Kxd8 33. f7+ Kc7 34. h7 Nf2 35. h8=Q c3 36. Qd8+ {[%emt 0:00:37] Nd1} 1-0

[Event "FIDE Zonal 2.5 Open 2019"]
[Site "Montevideo"]
[Date "2019.04.14"]
[Round "2.18"]
[White "Pena Canapa, Alfredo"]
[Black "Adasme Fredes, Mauricio"]
[Result "0-1"]
[ECO "D11"]
[WhiteElo "1811"]
[BlackElo "2086"]
[Annotator "NA"]
[PlyCount "42"]
[EventDate "2019.04.13"]
[EventType "swiss"]
[EventCountry "URU"]
[SourceTitle "playchess.com"]
[Source "ChessBase"]
[SourceQuality "1"]
[TimeControl "40/5400+30:1800+30"]

1. d4 d5 2. c4 c6 3. Nf3 Nf6 4. Qc2 e6 5. g3 Bd6 6. Bg2 {[%emt 0:00:08] LiveBook: 125 Games} Nbd7 7. O-O O-O 8. Rd1 Ne4 9. b3 Qe7 10. a4 f5 11. e3 Ndf6 12. Ne5 Bd7 (12... a5 $11 {remains equal.}) 13. Ba3 $14 Bxa3 14. Nxa3 Be8 15. Nb1 Bh5 16. Re1 Nd7 17. Nd2 Nxe5 18. dxe5 Qb4 19. Nxe4 dxe4 20. Bf1 Rad8 21. Ra2 Qxe1 0-1

[Event "FIDE Zonal 2.5 Open 2019"]
[Site "Montevideo"]
[Date "2019.04.14"]
[Round "2.19"]
[White "Belmes, Martin"]
[Black "Barreto Filho, Carlos Alberto"]
[Result "1-0"]
[ECO "C00"]
[WhiteElo "2081"]
[BlackElo "2293"]
[Annotator "NA"]
[PlyCount "149"]
[EventDate "2019.04.13"]
[EventType "swiss"]
[EventCountry "URU"]
[SourceTitle "playchess.com"]
[Source "ChessBase"]
[SourceQuality "1"]
[TimeControl "40/5400+30:1800+30"]

1. e4 e6 2. d3 d5 3. Nd2 Nf6 4. g3 dxe4 5. dxe4 e5 6. Bg2 Nc6 7. Ngf3 Bg4 8. c3 Bc5 9. O-O Qd3 10. Qa4 O-O 11. Re1 a5 12. Qc4 Qd6 13. Nf1 $11 Be6 14. Qe2 Ng4 15. Ne3 Ne7 16. Ng5 Nxe3 17. Bxe3 Bxe3 18. Qxe3 Bg4 19. f3 Bh5 20. Rad1 Qc6 21. Kh1 Rad8 22. Nxh7 Rxd1 23. Rxd1 Bxf3 24. Qxf3 Kxh7 25. Qh5+ Kg8 26. Qxe5 Re8 27. Rf1 b6 28. Qf4 Qc4 29. b3 Qe6 30. Rd1 Qc6 31. Qd2 Ng6 32. Qd7 Ne5 33. Qxc6 Nxc6 34. Rd7 Re7 35. Rxe7 Nxe7 36. Kg1 f6 37. Kf2 Kf7 38. Bh3 Ng6 39. Ke3 Ne5 40. Bf5 Ke7 41. h3 Kd6 42. Bc8 a4 43. h4 axb3 44. axb3 Ng6 45. h5 Ne7 46. Bh3 Ke5 47. b4 Nc6 48. Bf5 Nd8 49. Kd3 Nb7 50. Bd7 Nd6 51. Bc6 Nf7 52. c4 Nd6 53. c5 bxc5 54. bxc5 Nf7 55. Be8 Ng5 56. Bg6 Ne6 57. Kc4 Nd4 58. g4 Nc2 59. Kb5 Nd4+ 60. Kc4 Nf3 61. Kb4 Kd4 62. Kb5 Ne5 63. Bf5 Kd3 64. Ka6 Kd4 65. Kb7 Kxc5 66. Kxc7 Kd4 67. Kd8 Nxg4 68. Ke7 Nh6 69. Kf8 Nxf5 70. exf5 Ke5 71. Kxg7 Kxf5 72. h6 Ke5 73. h7 f5 74. h8=Q f4 75. Qh1 1-0

[Event "FIDE Zonal 2.5 Open 2019"]
[Site "Montevideo"]
[Date "2019.04.14"]
[Round "2.20"]
[White "Palacio, Enzo"]
[Black "Sosa Macho, Juan Manuel"]
[Result "0-1"]
[ECO "B38"]
[WhiteElo "1745"]
[BlackElo "2076"]
[Annotator "NA"]
[PlyCount "150"]
[EventDate "2019.04.13"]
[EventType "swiss"]
[EventCountry "URU"]
[SourceTitle "playchess.com"]
[Source "ChessBase"]
[SourceQuality "1"]
[TimeControl "40/5400+30:1800+30"]

1. e4 c5 2. Nf3 Nc6 3. d4 cxd4 4. Nxd4 g6 5. c4 Bg7 6. Be3 Nf6 7. Nc3 O-O 8. Be2 d6 9. O-O Bd7 10. Qd2 Ng4 11. Bxg4 Bxg4 12. f3 Bd7 13. Rfd1 f5 $14 14. exf5 gxf5 15. Nde2 b6 16. Bh6 Bxh6 17. Qxh6 Rf6 18. Qh4 Qf8 19. Nd4 Ne5 20. Nd5 Rf7 21. Nc7 Rb8 22. Nce6 Qc8 23. Ng5 Rg7 24. Rac1 Kh8 25. Kh1 Qg8 26. f4 Ng6 27. Qf2 Nxf4 28. Qxf4 Rxg5 29. Nf3 Rg4 30. Qe3 Qg7 31. Rd2 Rg8 32. Qe2 Bc6 33. Rg1 Qh6 34. Rc2 Be4 35. Rc3 R8g6 36. Qf2 Qf4 37. g3 Qh6 38. Re3 Qh5 39. Rg2 Bb7 40. Rxe7 Bc6 41. Rc7 Rxc4 42. Rc8+ Rg8 43. Rxc6 Rxc6 44. Rg1 Qg4 45. Re1 Rgc8 46. Re2 Qc4 47. Kg2 Qd5 48. Rd2 Qf7 49. Ng5 Qf6 50. Ne4 Qe5 51. Ng5 Kg7 52. Re2 Qf6 53. Ne6+ Kh8 54. g4 Rg8 55. g5 h6 56. Qh4 Rxg5+ 57. Nxg5 Qxg5+ 58. Qxg5 hxg5 59. h4 g4 60. Kg3 Kg7 61. Re7+ Kf6 62. Rxa7 Rc2 63. b4 Rc3+ 64. Kg2 Ke5 65. a4 Kf4 66. a5 bxa5 67. Rxa5 Rc2+ 68. Kf1 Rb2 69. Rd5 Rxb4 70. Rxd6 Kg3 71. h5 f4 72. Rf6 f3 73. Ke1 Rb1+ 74. Kd2 f2 75. Ke2 Re1+ 0-1

[Event "FIDE Zonal 2.5 Open 2019"]
[Site "Montevideo"]
[Date "2019.04.14"]
[Round "2.21"]
[White "Pichuaga, Juan Pablo"]
[Black "Campora, Edgardo"]
[Result "1-0"]
[ECO "C68"]
[WhiteElo "2021"]
[BlackElo "1705"]
[Annotator "NA"]
[PlyCount "65"]
[EventDate "2019.04.13"]
[EventType "swiss"]
[EventCountry "URU"]
[SourceTitle "playchess.com"]
[Source "ChessBase"]
[SourceQuality "1"]
[TimeControl "40/5400+30:1800+30"]

1. e4 e5 2. Nf3 Nc6 3. Bb5 a6 4. Bxc6 dxc6 5. d3 Bd6 6. Be3 Nf6 {[%emt 0:00:30] LiveBook: 4 Games} 7. Nbd2 Qe7 $11 8. O-O O-O 9. h3 h6 10. Nh2 Bc5 11. Nc4 Be6 12. Bxc5 Qxc5 13. Ne3 Rad8 14. Qe2 g6 15. Nhg4 Nxg4 16. hxg4 Kg7 17. Qf3 Qe7 18. g3 Rh8 19. Kg2 h5 20. Rh1 Bxg4 21. Nxg4 hxg4 22. Qxg4 Rxh1 23. Rxh1 Rh8 24. Rxh8 Kxh8 25. Qc8+ Kg7 26. Qxb7 Qc5 27. Qxa6 Qxc2 28. Qa3 Kf6 29. Qc3 Qa4 30. Qc4 Qd1 31. Qxc6+ Kg5 32. Qc5 f6 33. Qe3+ 1-0

[Event "FIDE Zonal 2.5 Open 2019"]
[Site "Montevideo"]
[Date "2019.04.14"]
[Round "2.22"]
[White "Lanaro, Emilio"]
[Black "Suarez, Pedro"]
[Result "0-1"]
[ECO "B07"]
[WhiteElo "1694"]
[BlackElo "2019"]
[Annotator "NA"]
[PlyCount "56"]
[EventDate "2019.04.13"]
[EventType "swiss"]
[EventCountry "URU"]
[SourceTitle "playchess.com"]
[Source "ChessBase"]
[SourceQuality "1"]
[TimeControl "40/5400+30:1800+30"]

1. e4 d6 2. d4 Nf6 3. Nc3 Nbd7 4. Nf3 e5 5. g4 g6 6. g5 Nh5 $1 {[%emt 0:03:16] LiveBook: 53 Games} 7. Be3 Bg7 8. Qd2 $11 O-O 9. O-O-O Nb6 10. Be2 Be6 11. d5 Bg4 12. b3 Nf4 13. Rdg1 Nxe2+ 14. Qxe2 Bh5 15. Bxb6 axb6 16. Qe3 f5 17. Nd2 fxe4 18. Ncxe4 Rxa2 19. Ng3 Bg4 20. f3 Ra1+ 21. Kb2 Rxg1 22. Rxg1 Bxf3 23. Nge4 Bxe4 24. Nxe4 Rf4 25. Rg2 Qf8 26. Rf2 Qf5 27. Rxf4 exf4+ 28. Nf6+ Bxf6+ 0-1

[Event "FIDE Zonal 2.5 Open 2019"]
[Site "Montevideo"]
[Date "2019.04.14"]
[Round "2.23"]
[White "Reolon, Victor"]
[Black "Gaye, Gustavo"]
[Result "0-1"]
[ECO "A43"]
[WhiteElo "1659"]
[BlackElo "2000"]
[Annotator "NA"]
[PlyCount "116"]
[EventDate "2019.04.13"]
[EventType "swiss"]
[EventCountry "URU"]
[SourceTitle "playchess.com"]
[Source "ChessBase"]
[SourceQuality "1"]
[TimeControl "40/5400+30:1800+30"]

1. d4 c5 2. Nf3 cxd4 3. Qxd4 Nc6 4. Qa4 g6 5. g3 Bg7 6. Bg2 Nf6 7. O-O O-O $11 8. c3 d6 9. e4 Bd7 10. Na3 a6 11. Re1 Qc7 12. Bd2 Rac8 13. Rac1 h6 14. Qc2 b5 15. b4 Be6 16. c4 bxc4 17. Nxc4 Nxb4 18. Bxb4 Qxc4 19. Qxc4 Rxc4 20. Rxc4 Bxc4 21. a3 Ng4 22. Rc1 Rc8 23. Nd2 Be6 24. Rxc8+ Bxc8 25. Nb3 Be6 26. Bh3 Bxb3 27. Bxg4 Bc4 28. Bd7 Bd4 29. a4 Kg7 30. Kg2 Bc5 31. Bc3+ e5 32. f4 f6 33. fxe5 dxe5 34. g4 Kf7 35. h3 Bd4 36. Bb4 Bd3 37. Kf3 Bc4 38. Kg2 Be2 39. Bd2 g5 40. Bb4 h5 41. gxh5 Bxh5 42. Bc6 Be2 43. Bd7 Bc4 44. Bc6 Bd3 45. Kf3 f5 46. Bd2 Kg6 47. Be8+ Kf6 48. Bc6 Bc2 49. Ba5 Bc5 50. Bd8+ Be7 51. Bxe7+ Kxe7 52. a5 Bxe4+ 53. Bxe4 fxe4+ 54. Ke3 Kd6 55. Kxe4 Ke6 56. Ke3 Kf5 57. Kf3 e4+ 58. Ke3 Ke5 0-1

[Event "FIDE Zonal 2.5 Open 2019"]
[Site "Montevideo"]
[Date "2019.04.14"]
[Round "2.24"]
[White "Curia, Santiago Jose"]
[Black "Manteiga, Franco"]
[Result "1-0"]
[ECO "B22"]
[WhiteElo "1989"]
[BlackElo "1684"]
[Annotator "NA"]
[PlyCount "63"]
[EventDate "2019.04.13"]
[EventType "swiss"]
[EventCountry "URU"]
[SourceTitle "playchess.com"]
[Source "ChessBase"]
[SourceQuality "1"]
[TimeControl "40/5400+30:1800+30"]

1. e4 c5 2. c3 Nf6 3. e5 Nd5 4. Bc4 Nb6 5. Bb3 Nc6 6. d4 cxd4 7. cxd4 d5 $11 8. Nc3 e6 9. Nf3 Be7 10. Bc2 Bd7 11. a3 a6 12. O-O Rc8 13. Re1 Na5 14. Qd3 Qc7 15. Nd2 Nac4 16. Nxc4 Nxc4 17. Qg3 g6 18. Bd3 Nxa3 19. Nxd5 exd5 20. bxa3 Qc3 21. Bh6 Bxa3 22. Rad1 b5 23. Re3 Bc1 24. e6 Bxe3 25. exd7+ Kxd7 26. fxe3 Rhe8 27. Qf3 Qb3 28. Qxf7+ Re7 29. Qf1 Rc3 30. Bg5 Re6 31. Qf7+ Kd6 32. Bf4+ 1-0

[Event "FIDE Zonal 2.5 Open 2019"]
[Site "Montevideo"]
[Date "2019.04.14"]
[Round "2.25"]
[White "Romero, Robert"]
[Black "Lanzilotta, Marcelo"]
[Result "0-1"]
[ECO "B70"]
[WhiteElo "1599"]
[BlackElo "1972"]
[Annotator "NA"]
[PlyCount "110"]
[EventDate "2019.04.13"]
[EventType "swiss"]
[EventCountry "URU"]
[SourceTitle "playchess.com"]
[Source "ChessBase"]
[SourceQuality "1"]
[TimeControl "40/5400+30:1800+30"]

1. e4 c5 2. Nf3 d6 3. d4 cxd4 4. Nxd4 Nf6 5. Nc3 g6 6. Bg5 Bg7 7. h4 Nc6 8. Nxc6 bxc6 9. Bd3 Rb8 10. Rb1 Be6 11. O-O Qa5 12. a3 O-O 13. Re1 Rb7 14. Bd2 Qc7 15. Bf4 Rfb8 16. b3 Nd7 17. Na4 a5 18. h5 c5 19. hxg6 hxg6 20. Ba6 Ra7 21. Qd3 g5 22. Bg3 Be5 23. Bc4 Bxc4 24. bxc4 Rab7 25. Rxb7 Rxb7 26. Nc3 Bxc3 27. Qxc3 f6 28. f4 gxf4 29. Bxf4 Ne5 30. Qg3+ Kf7 31. Qh3 Ke8 32. Bxe5 fxe5 33. Qe6 Qc6 34. Re3 Kd8 35. g4 Qd7 36. Qxd7+ Kxd7 37. g5 Ke6 38. Rf3 Rb8 39. Kg2 Rg8 40. Rg3 Kf7 41. Rf3+ Kg6 42. Rb3 Rf8 43. Rb7 Kxg5 44. Rxe7 Kf4 45. Ra7 Kxe4 46. Rxa5 Kd4 47. Ra6 Rf6 48. a4 e4 49. Rb6 e3 50. Rb1 Kxc4 51. a5 d5 52. Rb6 Rf2+ 53. Kg1 Rxc2 54. Rb1 Ra2 55. Rc1+ Kd4 0-1

[Event "FIDE Zonal 2.5 Open 2019"]
[Site "Montevideo"]
[Date "2019.04.14"]
[Round "2.26"]
[White "Prieto Perez, Rodrigo"]
[Black "Moccero, Eduardo"]
[Result "0-1"]
[ECO "B01"]
[WhiteElo "2037"]
[BlackElo "1939"]
[Annotator "NA"]
[PlyCount "66"]
[EventDate "2019.04.13"]
[EventType "swiss"]
[EventCountry "URU"]
[SourceTitle "playchess.com"]
[Source "ChessBase"]
[SourceQuality "1"]
[TimeControl "40/5400+30:1800+30"]

1. e4 d5 2. exd5 Qxd5 3. Nc3 Qa5 4. d4 Nf6 {[%emt 0:00:13] LiveBook: 3334 Games} 5. Bd2 Bf5 6. Qf3 Bc8 7. Bc4 c6 8. Nd5 Qd8 9. Nxf6+ gxf6 10. Ne2 e6 $18 11. O-O-O Be7 12. Rhe1 Na6 13. Bxa6 bxa6 14. Qxc6+ Bd7 15. Qxa6 Qc7 16. Bf4 e5 17. Bg3 Rb8 18. d5 Bd6 19. f4 Bb5 20. Qxd6 Qxd6 21. fxe5 fxe5 22. Bxe5 Qxe5 23. Nf4 Qxe1 24. Rxe1+ Kd7 25. b3 Rhe8 26. Rd1 Re4 27. g3 Kd6 28. c4 Bxc4 29. bxc4 Rxc4+ 30. Kd2 Rd4+ 31. Ke2 Rb2+ 32. Ke1 Rxd1+ 33. Kxd1 Rxh2 0-1